 Dungeon Crawl Stone Soup version 0.24.0-123-gd5b16e6ec5 (webtiles) character file.

Game seed: 8843639143192520767, levelgen mode: deterministic

137 Elellon the Chopper (level 5, 0/47 HPs)
             Began as a Hill Orc Fighter on Jan 8, 2020.
             Killed from afar by an orc wizard (9 damage)
             ... with a magic dart
             ... on level 3 of the Dungeon.
             The game lasted 00:03:06 (2403 turns).

Elellon the Chopper (Hill Orc Fighter)              Turns: 2403, Time: 00:03:06

Health: 0/47       AC:  7    Str: 20    XL:     5   Next: 20%
Magic:  5/5        EV:  7    Int:  8    God:
Gold:   149        SH:  9    Dex: 10    Spells: 4/4 levels left

rFire    . . .     SeeInvis .   a - +0 war axe
rCold    . . .     Gourm    .   c - +0 shield
rNeg     . . .     Faith    .   b - +0 scale mail
rPois    .         Spirit   .   (no helmet)
rElec    .         Reflect  .   (no cloak)
rCorr    .         Harm     .   (no gloves)
MR       .....                  (no boots)
Stlth    ..........             (no amulet)
HPRegen  0.15/turn              (no ring)
MPRegen  0.09/turn              (no ring)

@: slowed, very slow
A: no striking features
a: no special abilities


You were on level 3 of the Dungeon.
You were not hungry.

You visited 1 branch of the dungeon, and saw 3 of its levels.

You collected 149 gold pieces.

Inventory:

Hand Weapons
 a - a +0 war axe (weapon)
 n - a +0 hunting sling
Missiles
 l - 14 poisoned darts (quivered)
Armour
 b - a +0 scale mail (worn)
 c - a +0 shield (worn)
Scrolls
 h - a scroll of amnesia {unknown}
 j - a scroll of random uselessness {unknown}
 k - a scroll of identify {unknown}
 m - a scroll of fog {unknown}
 o - a scroll of enchant armour {unknown}
Potions
 d - a potion of might
 e - 2 potions of brilliance {unknown}
 g - 2 potions of curing {unknown}
 i - 2 potions of flight {unknown}
 p - a potion of agility {unknown}
Comestibles
 f - 3 rations
 q - 6 chunks of flesh


   Skills:
 + Level 4.4 Fighting
 * Level 4.8 Axes
 + Level 4.0 Armour
 + Level 4.0 Shields


You had 4 spell levels left.
You didn't know any spells.
Your spell library was empty.

Dungeon Overview and Level Annotations

Branches:
Dungeon (3/15)

Altars:
Nemelex Xobeh


Message History

You are too injured to fight recklessly!
You are too injured to fight recklessly!
You miss the orc wizard.
The orc wizard is severely wounded.
The orc wizard hits you with a +0 dagger.
* * * LOW HITPOINT WARNING * * *
You block the orc wizard's attack.
The orc wizard hits you but does no damage.
You closely miss the orc wizard.
The orc wizard is severely wounded.
You block the orc wizard's attack.
The orc wizard hits you with a +0 dagger.
* * * LOW HITPOINT WARNING * * *
The orc wizard hits you with a +0 dagger.
* * * LOW HITPOINT WARNING * * *
You closely miss the orc wizard.
The orc wizard is severely wounded.
The orc wizard points at you and mumbles some strange words.
The magic dart hits you!
You die...

#.........# #..
#.........####
#.......).)..##
#........)##..##
#.........###..######
##############......#
##...#...####...
##.........##
#..o@.......#
#...........#
#...........##
##............
##...#.....###
#####.?..## ###..#
##..# ##...#


You could see an orc wizard.

Vanquished Creatures
  A bullfrog zombie (D:2)
  An orc wizard (D:3)
  4 adders
  A worm (D:2)
  3 dart slugs (D:1)
  3 leopard geckos (D:1)
  2 orcs (D:3)
  5 bats
  3 giant cockroaches
  2 goblins
  2 hobgoblins (D:1)
  3 frilled lizards
  5 rats
35 creatures vanquished.

Notes
Turn   | Place    | Note
-------+----------+-------------------------------------------
     0 | D:1      | Elellon the Hill Orc Fighter began the quest for the Orb.
     0 | D:1      | Reached XP level 1. HP: 19/19 MP: 1/1
   203 | D:1      | Reached XP level 2. HP: 21/27 MP: 2/2
   565 | D:1      | Reached XP level 3. HP: 27/33 MP: 3/3
   805 | D:2      | Reached XP level 4. HP: 23/40 MP: 4/4
  1643 | D:2      | Found a sparkling altar of Nemelex Xobeh.
  2370 | D:3      | Reached XP level 5. HP: 37/47 MP: 5/5
  2403 | D:3      | Killed from afar by an orc wizard

Levels and vault maps discovered:
D:1:      scummos_arrival_checkerplants, layout_loops_ring
D:2:      layout_basic, nemelex_altar_shiori, grunt_decor_arrowhead
D:3:      layout_rooms

Skill      XL: |  1  2  3  4 |
---------------+-------------+-----
Axes           | 3 4 |  4.8
Fighting       | 4 |  4.4
Armour         | 4 |  4.0
Shields        | 4 |  4.0

Action                   |  1- 3 |  4- 6 || total
-------------------------+-------+-------++-------
Melee: War axe           |    82 |    58 ||   140
Throw: Dart              |     2 |    11 ||    13
  Eat: Chunk             |       |     5 ||     5
Armor: Scale mail        |    31 |    24 ||    55
Dodge: Dodged            |    32 |    11 ||    43
Block: Shield            |    41 |    30 ||    71
